 Dungeon Crawl Stone Soup version 0.31-a0-150-g89dc3ad700 (webtiles) character file.

Game seed: 7947157476088511938

426 qw the Shooter (level 6, -5/39 HPs)
             Began as a Gargoyle Hunter on June 8, 2023.
             Slain by a lemure (7 damage)
             ... led by Pikel
             ... on level 4 of the Dungeon.
             The game lasted 00:01:41 (3282 turns).

qw the Shooter (Gargoyle Hunter)                    Turns: 3282, Time: 00:01:42

Health: -5/39      AC: 17    Str: 21    XL:     6   Next: 97%
Magic:  6/6        EV: 11    Int:  9    God:
Gold:   186        SH:  0    Dex: 15    Spells: 5/5 levels left

rFire   + . .        Y - +0 shortbow
rCold   . . .        (shield currently unavailable)
rNeg    + . .        b - +4 ring mail of Watchfulness {rF+}
rPois   inf          (no helmet)
rElec   +            (no cloak)
rCorr   .            (no gloves)
SInv    .            (no boots)
Will    .....        (no amulet)
Stlth   +            d - +4 ring of protection
HPRegen 0.26/turn    e - +6 ring of strength
MPRegen 0.10/turn

%: no passive effects
@: no status effects
A: sickness immunity, AC +4, negative energy resistance 1, electricity
resistance, torment resistance 1, petrification resistance
a: no special abilities


You were on level 4 of the Dungeon.
You visited 1 branch of the dungeon, and saw 4 of its levels.

You collected 186 gold pieces.


Innate Abilities, Weirdness & Mutations

You are immune to sickness and miasma.
Your stone body is resilient. (AC +4)
You are immune to poison.
You resist negative energy. (rN+)
You are resistant to electric shocks. (rElec)
You are resistant to unholy torment.
You are immune to petrification.


   Skills:
 - Level 4.4 Fighting
 + Level 7.1 Ranged Weapons
 - Level 1.0 Armour
 - Level 1.5 Dodging
 - Level 1.1 Stealth


You had 5 spell levels left.
You didn't know any spells.
Your spell library was empty.

Inventory:

Hand Weapons
 Y - a +0 shortbow (weapon)
Armour
 b - the +4 ring mail of Watchfulness (worn) {rF+}
   (You took it off an iron imp on level 3 of the Dungeon)

   rF:        It protects you from fire.
Jewellery
 d - a +4 ring of protection (left hand)
 e - a +6 ring of strength (right hand)
Scrolls
 a - a scroll of identify
Potions
 c - a potion of mutation {unknown}
 f - a potion of berserk rage {unknown}
 g - a potion of resistance {unknown}
 i - a potion of curing
 j - a potion of invisibility {unknown}
 k - a potion of enlightenment {unknown}

Dungeon Overview and Level Annotations

Branches:
Dungeon (4/15)
 Temple: D:4-7

Altars:
Fedhas
Makhleb
Ru
Uskayaw
Vehumet

Annotations:
D:2 1 runed translucent door, Crazy Yiuf
D:4 Pikel


Message History

The lemure hits you but does no damage. Pikel misses you. The lemure hits you.
You shoot an arrow.
The arrow hits Pikel but does no damage.
Pikel is heavily wounded.
Pikel closely misses you. The lemure hits you but does no damage.
The lemure closely misses you.
The lemure hits you but does no damage. x2
Pikel closely misses you.
You shoot an arrow. The arrow closely misses Pikel.
The arrow hits the orc but does no damage.
The lemure hits you. Pikel hits you but does no damage.
The lemure hits you but does no damage.
You shoot an arrow. The arrow barely misses Pikel.
The arrow hits the orc but does no damage.
An orc comes into view. It is wielding a +5 flail.
Pikel hits you but does no damage. The lemure hits you but does no damage.
The lemure hits you.
You shoot an arrow. The orc shouts!
The arrow hits Pikel but does no damage.
Pikel is heavily wounded.
Pikel hits you with a +2 whip of flaming.
The lemure hits you. The lemure barely misses you.
You shoot an arrow. The arrow hits Pikel.
Pikel is heavily wounded.
Pikel barely misses you. The lemure hits you but does no damage.
The lemure hits you.
You shoot an arrow. The arrow hits Pikel.
Pikel is heavily wounded.
Pikel hits you but does no damage. The lemure hits you. x2
You shoot an arrow. The arrow hits Pikel!
Pikel is severely wounded.
Pikel hits you but does no damage. The lemure barely misses you.
The lemure hits you but does no damage.
You shoot an arrow. The arrow misses Pikel.
The arrow closely misses the orc.
The lemure completely misses you. Pikel hits you but does no damage.
The lemure closely misses you.
You shoot an arrow. The arrow hits Pikel.
Pikel is almost dead.
The lemure hits you!
You die...

.. ...###### #### ....oo55### #.#
#... # ...ohhK55.# #.# #.## #
###@#+#####.# #.## #
######....)...##.# #.##
#########...}#........##.# #.##
........#...##........##.# #.##
...######._...........##.# #.##
........#...##:.........># #.##
...####.#)..}#........##.#####.##
...'....######........##.......##
...####...##############.########


You could see Pikel, 4 lemures, 3 orcs and 2 jackals.

Vanquished Creatures
  An ogre (D:4)
  A scorpion (D:4)
  A jelly (D:4)
  An iguana (D:4)
  3 iron imps (D:3)
  5 adders
  A shadow imp (D:4)
  2 worms
  2 dart slugs (D:1)
  6 orcs
  6 ball pythons
  5 bats
  5 endoplasms
  4 giant cockroaches
  14 goblins
  6 hobgoblins
  A jackal (D:4)
  3 kobolds
  6 quokkas
  3 frilled lizards (D:1)
  7 rats
83 creatures vanquished.

Notes
Turn   | Place    | Note
-------+----------+-------------------------------------------
     0 | D:1      | qw the Gargoyle Hunter began the quest for the Orb.
     0 | D:1      | Reached XP level 1. HP: 12/12 MP: 1/1
     0 | D:1      | 0 ||| qw: Version: 0.2-a-119-g7aa9181
     0 | D:1      | 0 ||| qw: Game counter: 2780
     0 | D:1      | 0 ||| qw: Always use a shield: true
     0 | D:1      | 0 ||| qw: God list: Okawaru
     0 | D:1      | 0 ||| qw: Allow faded altars: false
     0 | D:1      | 0 ||| qw: Do Orc after D:15 true
     0 | D:1      | 0 ||| qw: Do second Lair branch before Depths: true
     0 | D:1      | 0 ||| qw: Lair rune preference: random
     0 | D:1      | 0 ||| qw: Plans: Normal
     0 | D:1      | 0 ||| PLANNING D:1-11
    72 | D:1      | Reached XP level 2. HP: 17/17 MP: 2/2
   452 | D:1      | Reached XP level 3. HP: 21/21 MP: 3/3
   545 | D:1      | Reached skill level 5 in Ranged Weapons
   759 | D:1      | 759 ||| UPGRADING to +0 ring mail.
   769 | D:1      | 769 ||| DROPPING +0 leather armour.
   770 | D:1      | 770 ||| UPGRADING to +4 ring of protection.
   771 | D:1      | 771 ||| UPGRADING to +6 ring of strength.
   772 | D:1      | 772 ||| READING scroll labelled OCSETO BATWIPI.
   773 | D:1      | 773 ||| READING scroll labelled HOGOAS SOXYMU.
   774 | D:1      | 774 ||| DRINKING 2 lumpy amethyst potions.
   775 | D:1      | 775 ||| DROPPING scroll of butterflies.
   776 | D:1      | 776 ||| DROPPING potion of degeneration.
   863 | D:2      | Found a faded altar of an unknown god.
   889 | D:2      | Reached skill level 1 in Armour
  1059 | D:2      | Reached skill level 3 in Fighting
  1059 | D:2      | Reached XP level 4. HP: 28/28 MP: 4/4
  1388 | D:2      | Found a runed translucent door.
  1389 | D:2      | Noticed Crazy Yiuf
  1607 | D:2      | 1607 ||| READING scroll labelled PIVIOLIFEL.
  1608 | D:2      | 1608 ||| READING 2 scrolls of identify.
  1608 | D:2      | 1608 ||| IDENTIFYING sapphire potion
  1670 | D:3      | Identified the +4 ring mail of Watchfulness {rF+}
  1674 | D:3      | Found a burning altar of Makhleb.
  1680 | D:3      | 1680 ||| FLEEEEING.
  1681 | D:3      | 1681 ||| FLEEEEING.
  1682 | D:3      | 1682 ||| FLEEEEING.
  1683 | D:3      | 1683 ||| FLEEEEING.
  1684 | D:3      | 1684 ||| STAIRDANCE
  1753 | D:3      | 1753 ||| FLEEEEING.
  1754 | D:3      | 1754 ||| STAIRDANCE
  1820 | D:3      | 1820 ||| FLEEEEING.
  1821 | D:3      | 1821 ||| STAIRDANCE
  1932 | D:3      | 1932 ||| FLEEEEING.
  1956 | D:3      | Reached XP level 5. HP: 32/32 MP: 5/5
  1984 | D:3      | Reached skill level 6 in Ranged Weapons
  2092 | D:3      | Found a radiant altar of Vehumet.
  2099 | D:3      | Noticed a +0 dagger
  2099 | D:3      | Noticed a +0 hand axe
  2105 | D:3      | Found a hide-covered altar of Uskayaw.
  2255 | D:3      | Found a blossoming altar of Fedhas.
  2433 | D:3      | 2433 ||| UPGRADING to +4 ring mail of Watchfulness {rF+}.
  2443 | D:3      | 2443 ||| DROPPING +0 ring mail.
  2444 | D:3      | 2444 ||| READING scroll labelled OKHICA KUCHU.
  2449 | D:3      | 2449 ||| READING scroll labelled ZEYCKY KOGIDD.
  2482 | D:4      | 2482 ||| Stepping ~*~*~tactically~*~*~ (outnumbered).
  2554 | D:4      | Reached XP level 6. HP: 39/39 MP: 6/6
  2618 | D:4      | HP: 7/39 [ogre/+0 giant spiked club (5)]
  2619 | D:4      | 2619 ||| READING scroll of teleportation.
  2623 | D:4      | 2623 ||| FLEEEEING.
  2624 | D:4      | 2624 ||| FLEEEEING.
  2625 | D:4      | 2625 ||| FLEEEEING.
  2626 | D:4      | 2626 ||| FLEEEEING.
  2627 | D:4      | 2627 ||| FLEEEEING.
  2628 | D:4      | 2628 ||| FLEEEEING.
  2629 | D:4      | 2629 ||| FLEEEEING.
  2630 | D:4      | 2630 ||| FLEEEEING.
  2631 | D:4      | 2631 ||| FLEEEEING.
  2632 | D:4      | 2632 ||| FLEEEEING.
  2633 | D:4      | 2633 ||| FLEEEEING.
  2634 | D:4      | 2634 ||| FLEEEEING.
  2635 | D:4      | 2635 ||| FLEEEEING.
  2637 | D:4      | 2637 ||| FLEEEEING.
  2638 | D:4      | 2638 ||| FLEEEEING.
  2639 | D:4      | 2639 ||| FLEEEEING.
  2640 | D:4      | 2640 ||| FLEEEEING.
  2641 | D:4      | 2641 ||| FLEEEEING.
  2642 | D:4      | 2642 ||| FLEEEEING.
  2643 | D:4      | 2643 ||| FLEEEEING.
  2644 | D:4      | 2644 ||| FLEEEEING.
  2645 | D:4      | 2645 ||| FLEEEEING.
  2646 | D:4      | 2646 ||| FLEEEEING.
  2647 | D:4      | 2647 ||| FLEEEEING.
  2648 | D:4      | 2648 ||| FLEEEEING.
  2649 | D:4      | 2649 ||| FLEEEEING.
  2650 | D:4      | 2650 ||| FLEEEEING.
  2651 | D:4      | 2651 ||| FLEEEEING.
  2653 | D:4      | 2653 ||| STAIRDANCE
  2829 | D:4      | 2829 ||| STAIRDANCE
  3224 | D:4      | Reached skill level 7 in Ranged Weapons
  3231 | D:4      | Found a sacrificial altar of Ru.
  3256 | D:4      | Noticed Pikel
  3278 | D:4      | HP: 6/39 [lemure[Pikel] (6)]
  3279 | D:4      | HP: 1/39 [lemure[Pikel] (4)]
  3282 | D:4      | Slain by a lemure

Levels and vault maps discovered:
D:1:      saegor_arrival_miasma, layout_loops_corners, minmay_unequal
D:2:      kennysheep_the_goblin_king, layout_loops_ring,
          hellmonk_ecumenical_altar_prayer_group, nicolae_titane,
          uniq_crazy_yiuf_cottage
D:3:      layout_rooms, nicolae_vehumet_altar_sigil, dancing_weapons_uskayaw,
          nicolae_overflow_hidden_temple, demons_altar, serial_bayou_pond_e
D:4:      layout_basic, mainiacjoe_overflow_alcove_2,
          eino_small_chamber_without_monster, uniq_pikel

Skill      XL: |  1  2  3  4  5  6 |
---------------+-------------------+-----
Ranged Weapons | 5 6 7 |  7.1
Armour         | 1 |  1.0
Fighting       | 3 4 |  4.4
Dodging        | |  1.5
Stealth        | |  1.1

Action                     |  1- 3 |  4- 6 || total
---------------------------+-------+-------++-------
   Fire: Shortbow          |   143 |   261 ||   404
    Use: Scroll            |     2 |     5 ||     7
         Potion            |     1 |       ||     1
 Armour: Leather armour    |    10 |       ||    10
         Ring mail         |    15 |    72 ||    87
  Dodge: Dodged            |    36 |    98 ||   134

Table legend:
 A = Non-vault XP
 B = Vault XP
 C = Vault XP percentage of total XP
 D = Non-vault monster count
 E = Vault monster count
 F = Vault count percentage of total count
                 A         B        C        D         E       F
            +---------+---------+-------+---------+---------+-------
      Total |     467 |     142 |  23.3 |      67 |      16 |  19.3
            +---------+---------+-------+---------+---------+-------
        D:1 |      40 |       7 |  14.9 |      23 |       4 |  14.8
        D:2 |      51 |      16 |  23.9 |      14 |       9 |  39.1
        D:3 |      46 |     119 |  72.1 |      12 |       3 |  20.0
        D:4 |     330 |       0 |   0.0 |      18 |       0 |   0.0
            +---------+---------+-------+---------+---------+-------
